 Dungeon Crawl Stone Soup version 0.28-a0-704-g4d584c6bc1 (webtiles) character file.

Game seed: 17214079542625438710

322 Conn the Firebug (level 6, 0/55 HPs)
             Began as an Octopode Fire Elementalist on Oct 24, 2021.
             Slain by a hobgoblin (3 damage)
             ... on level 3 of the Dungeon.
             The game lasted 00:05:19 (2897 turns).

Conn the Firebug (Octopode Fire Elementalist)       Turns: 2897, Time: 00:05:19

Health: 0/55       AC: 23    Str:  5 (7)  XL:     6   Next: 47%
Magic:  10/10      EV:  2    Int: 18 (20) God:
Gold:   44         SH:  0    Dex: 11 (12) Spells: 10/11 levels left

rFire   . . .      SeeInvis .   l - +1 dagger (elec)
rCold   . . .      Faith    .   (no shield)
rNeg    . . .      Spirit   .   (helmet currently unavailable)
rPois   +          Reflect  .   (no amulet)
rElec   .          Harm     .   (no ring)
rCorr   .          Rampage  .   (no ring)
Will    .....      NoTele   +   (no ring)
Stlth   ++........              (no ring)
HPRegen 0.18/turn               (no ring)
MPRegen 0.12/turn               (no ring)
                                (no ring)
                                (no ring)

@: mighty, tree-form (expiring), attractive
A: stationary, stasis, torment immunity, boosted hp, almost no armour,
(amphibious), 8 rings, (camouflage 1), (gelatinous body 1), (nimble swimmer 1),
(tentacles)
a: no special abilities


You were on level 3 of the Dungeon.
You were a tree.
You visited 1 branch of the dungeon, and saw 3 of its levels.

You collected 44 gold pieces.

Inventory:

Hand Weapons
 i - a +0 short sword
 l - a +1 dagger of electrocution (weapon)
Missiles
 n - 4 poisoned darts (quivered)
Scrolls
 a - a scroll of silence {unknown}
 b - a scroll of immolation {unknown}
 e - 2 scrolls of enchant weapon {unknown}
 g - a scroll of fear {unknown}
 h - a scroll of identify {unknown}
Potions
 c - a potion of lignification
 d - a potion of magic


   Skills:
 + Level 0.7 Fighting
 + Level 2.4 Dodging
 + Level 3.4 Stealth
 + Level 3.1 Spellcasting
 * Level 3.3 Conjurations
 * Level 4.9 Fire Magic


You had 10 spell levels left.
You knew the following spells:

 Your Spells              Type           Power      Damage    Failure   Level
a - Foxfire               Conj/Fire      68%        2x1d7     3%          1

Your spell library contained the following spells:

 Spells                   Type           Power      Damage    Failure   Level
 Scorch                   Fire           40%        2d7       3%          2
 Conjure Flame            Conj/Fire      17%        6-21      9%          3
 Apportation              Tloc           4%         N/A       16%         1
 Inner Flame              Hex/Fire       11%        N/A       17%         3
 Flame Wave               Conj/Fire      17%        3d5       28%         4
 Alistair's Intoxication  Tmut/Pois      1%         N/A       99%         5
 Invisibility             Hex            1%         N/A       100%        6


Dungeon Overview and Level Annotations

Branches:
Dungeon (3/15)

Altars:


Innate Abilities, Weirdness & Mutations

You are a tree.
Your roots penetrate the ground, keeping you stationary.
You cannot be teleported.
You are immune to unholy pain and torment.
Your maximum health is greatly increased.
You cannot wear most types of armour.
((You are amphibious.))
You can wear up to eight rings at the same time.
((Your skin changes colour to match your surroundings (Stealth+).))
((Your rubbery body absorbs attacks. (AC +1, EV +1)))
((You are camouflaged near water. (Stealth+)))
((You have tentacles for arms and can constrict up to eight enemies at once.))


Message History

The gnoll hits you but does no damage.
It was a potion of degeneration.
There was something very wrong with that liquid.
You feel weakened.
You feel dopey.
You feel clumsy.
The hobgoblin hits you with a +0 dagger.
* * * LOW HITPOINT WARNING * * *
The gnoll barely misses you.
It was a potion of might.
You feel very mighty all of a sudden.
Your transformation is almost over.
The hobgoblin hits you but does no damage.
The gnoll hits you but does no damage.
You hit the gnoll.
The gnoll is almost dead.
The hobgoblin hits you but does no damage.
The gnoll hits you but does no damage.
You hit the gnoll.
The gnoll is almost dead.
The hobgoblin hits you but does no damage.
The gnoll hits you but does no damage.
Unknown command.
You hit the gnoll.
You kill the gnoll!
The hobgoblin hits you but does no damage.
You closely miss the hobgoblin.
The hobgoblin hits you with a +0 dagger.
* * * LOW HITPOINT WARNING * * *
You hit the hobgoblin.
The hobgoblin is heavily wounded.
The hobgoblin hits you with a +0 dagger.
* * * LOW HITPOINT WARNING * * *
You closely miss the hobgoblin.
The hobgoblin is heavily wounded.
The hobgoblin drinks a potion.
The hobgoblin is healed!
You hit the hobgoblin.
The hobgoblin is moderately wounded.
The hobgoblin barely misses you.
You barely miss the hobgoblin.
The hobgoblin is moderately wounded.
The hobgoblin hits you with a +0 dagger.
You die...

##...g....... ##
.........#g# .# #...#.....#
.# #......§†.# .######
#......## ......# #####...#
.####.# ###(# <# #.# ##g##
## #.# #♣..# ## #.########
#)).# .####........# #)>.#
..........##.###...#####
..####.#..##...........####.
..####.#....................
..##.....###...........#
..##.#.#####.##....#.###
..##.#.......##....#.#


You could see a hobgoblin.

Vanquished Creatures
  Sigmund (D:2)
  Jessica (D:2)
  Robin (D:2)
  3 gnolls (D:3)
  An adder (D:2)
  A white imp (D:3)
  An adder skeleton (D:3)
  A worm (D:3)
  A dart slug (D:1)
  An orc (D:3)
  4 bats
  7 endoplasms
  3 giant cockroaches
  12 goblins
  5 hobgoblins
  2 jackals (D:1)
  2 quokkas (D:1)
  3 ball pythons
  A frilled lizard (D:1)
  3 kobolds
  7 rats
61 creatures vanquished.

Vanquished Creatures (others)
  Ijyb (D:3)
  139 foxfires
140 creatures vanquished.

Grand Total: 201 creatures vanquished

Notes
Turn   | Place    | Note
-------+----------+-------------------------------------------
     0 | D:1      | Conn the Octopode Fire Elementalist began the quest for the
                  | Orb.
     0 | D:1      | Reached XP level 1. HP: 11/11 MP: 3/3
   108 | D:1      | Reached XP level 2. HP: 17/17 MP: 0/5
   940 | D:2      | Reached XP level 3. HP: 21/21 MP: 3/6
  1031 | D:2      | Found a faded altar of an unknown god.
  1050 | D:2      | Noticed Jessica
  1054 | D:2      | Killed Jessica
  1055 | D:2      | Reached XP level 4. HP: 14/27 MP: 4/7
  1428 | D:2      | Noticed Sigmund
  1435 | D:2      | Killed Sigmund
  1436 | D:2      | Reached skill level 4 in Fire Magic
  1436 | D:2      | Reached XP level 5. HP: 29/31 MP: 0/9
  1436 | D:2      | Reached XP level 6. HP: 34/36 MP: 0/10
  1612 | D:2      | Noticed Robin
  1623 | D:2      | Killed Robin
  2859 | D:3      | Noticed Ijyb
  2876 | D:3      | Killed Ijyb
  2897 | D:3      | Slain by a hobgoblin

Illustrated notes

Levels and vault maps discovered:
D:1:      scummos_arrival_forest, layout_loops_ring, st_stairs_14
D:2:      layout_loops_ring, basic_ecumenical_altar, solitary_fountain,
          serial_park_tiny_pond, minmay_strange_pillars, uniq_robin,
          uniq_sigmund, uniq_crazy_yiuf_cottage, uniq_jessica
D:3:      layout_loops_cross, gammafunk_ghost_grave,
          amcnicky_mini_rare_corridor_liquid, serial_park_tiny_pond,
          minivault_26, minmay_misc_feat_tiny, uniq_ijyb, uniq_grinder

Skill      XL: |  1  2  3  4  5  6 |
---------------+-------------------+-----
Stealth        | 3 |  3.4
Spellcasting   | 3 |  3.1
Conjurations   | 2 3 |  3.3
Fire Magic     | 4 |  4.9
Fighting       | |  0.7
Dodging        | |  2.4

Action                   |  1- 3 |  4- 6 || total
-------------------------+-------+-------++-------
Melee: Unarmed           |    24 |       ||    24
       Constrict         |     7 |     3 ||    10
       Tentacles         |     5 |     1 ||     6
       Short sword       |       |     7 ||     7
       Dagger            |       |    28 ||    28
Throw: Dart              |       |     2 ||     2
 Cast: Foxfire           |    26 |    56 ||    82
  Use: Potion            |       |     5 ||     5
 Stab: Sleeping          |     1 |     5 ||     6
Armor: Skin              |       |    25 ||    25
Dodge: Dodged            |    14 |    19 ||    33

Table legend: (Time is in decaauts)
 A = Elapsed time spent in this place.
 B = Non-inter-level travel time spent in this place.
 C = Inter-level travel time spent in this place.
 D = Time resting spent in this place.
 E = Time spent auto-exploring this place.
 F = Levels seen in this place.
 G = Mean time per level.
                   A        B        C        D        E       F      G
               +--------+--------+--------+--------+--------+-----+--------+
         Total |   2896 |   2828 |     68 |      0 |   2315 |   3 |  965.3 |
       Dungeon |   2896 |   2828 |     68 |      0 |   2315 |   3 |  965.3 |
               +--------+--------+--------+--------+--------+-----+--------+

Top non-repeatable levels by time:
     D:2: 1328 daAuts
     D:1: 931 daAuts
     D:3: 636 daAuts
